 Dungeon Crawl Stone Soup version 0.28.0-43-g3370ac3207 (webtiles) character file.

Game seed: 16925434203751732745

31 Descartes the Ducker (level 3, -1/14 HPs)
             Began as a Felid Wanderer on Mar 25, 2022.
             Killed from afar by Natasha (3 damage)
             ... with a magic dart
             ... on level 1 of the Dungeon.
             The game lasted 00:02:12 (2543 turns).

Descartes the Ducker (Felid Wanderer)               Turns: 2543, Time: 00:02:12

Health: -1/14      AC:  1    Str: 10    XL:     3   Next: 7%
Magic:  7/7        EV: 19    Int: 12    God:
Gold:   65         SH:  0    Dex: 16    Spells: 5/6 levels left
                                        Lives:  0   Deaths: 0

rFire   . . .      SeeInvis +   (weapon unavailable)
rCold   . . .      Faith    .   (shield unavailable)
rNeg    . . .      Spirit   .   (armour unavailable)
rPois   .          Reflect  .   (helmet unavailable)
rElec   .          Harm     .   (cloak unavailable)
rCorr   .          Rampage  .   (gloves unavailable)
Will    .....                   (boots unavailable)
Stlth   ++........              (no amulet)
HPRegen 0.04/turn               (no ring)
MPRegen 0.10/turn               (no ring)

@: quick
A: very small, claws 1, fangs 3, see invisible, speed 1, shaggy fur 1, stealthy
paws, no weapons or thrown items, no armour, multi-lived
a: no special abilities


You were on level 1 of the Dungeon.
You visited 1 branch of the dungeon, and saw 2 of its levels.

You collected 65 gold pieces.

Inventory:

Wands
 a - a wand of flame (5)
Scrolls
 b - 2 scrolls of blinking {unknown}
 c - a scroll of immolation {unknown}
Potions
 d - a potion of might {unknown}


   Skills:
 + Level 4.4 Dodging
 + Level 3.2 Stealth
 + Level 0.6 Unarmed Combat
 + Level 2.1 Spellcasting
 + Level 0.4 Conjurations
 + Level 3.3 Hexes
 + Level 0.2 Translocations
 + Level 1.3 Evocations


You had 5 spell levels left.
You knew the following spells:

 Your Spells              Type           Power      Damage    Failure   Level
a - Slow                  Hex            36%        N/A       7%          1

Your spell library contained the following spells:

 Spells                   Type           Power      Damage    Failure   Level
 Dazzling Flash           Conj/Hex       10%        N/A       36%         3
 Olgreb's Toxic Radiance  Pois           1%         N/A       95%         4
 Ozocubu's Refrigeration  Ice            0%         4d5       100%        7
 Ignition                 Fire           0%         3d3       100%        8


Dungeon Overview and Level Annotations

Branches:
Dungeon (2/15)

Altars:

Annotations:
D:1 Natasha


Innate Abilities, Weirdness & Mutations

You have sharp claws.
You have razor-sharp teeth.
You have supernaturally acute eyesight. (SInv)
You cover ground quickly. (Speed+)
You are covered in fur. (AC +1)
Your paws help you pounce on unaware monsters.
You are incapable of wielding weapons or throwing items.
You cannot wear armour.
You gain extra lives every three experience levels.


Message History

Things that are here:
a +0 club; a goblin corpse
d - a grey potion Natasha is nearby!
Natasha hisses angrily.
Natasha casts a spell.
There is a stone staircase leading up here.
Natasha closely misses you. The crimson imp closely misses you.
You climb upwards.
The crimson imp disappears in a puff of smoke!
There is a stone staircase leading down here.
You scratch Natasha.
Natasha is lightly wounded.
Natasha closely misses you.
You barely miss Natasha.
Natasha is lightly wounded.
Natasha claws you!
Ouch! That really hurt!
* * * LOW HITPOINT WARNING * * *
You closely miss Natasha. Your bite misses Natasha.
Natasha is lightly wounded.
Natasha claws you but does no damage.
You barely miss Natasha.
Natasha is lightly wounded.
Natasha closely misses you.
You barely miss Natasha. Your bite misses Natasha.
Natasha is lightly wounded.
Natasha completely misses you.
You scratch Natasha but do no damage.
Natasha is lightly wounded.
Natasha closely misses you.
You scratch Natasha but do no damage. Your bite misses Natasha.
Natasha is lightly wounded.
Natasha claws you.
* * * LOW HITPOINT WARNING * * *
You scratch Natasha but do no damage.
Natasha is lightly wounded.
Natasha stares at you and mumbles some strange words.
The magic dart hits you.
You die...

##....# ##....# ##....#
######### ###.#.#
###.#.#.#.## ###...#
#..........# ......#
#.#.......## ......#
#..........### .....>#
#.#...h...#..#
....#.####......@....##
...........#.......#.#
#....................#
#..........#.#.#.#.#.#
###.#.########..####.##
# #.#.# ##.#.....# #
#.#.# #.#.##### # #.#.#
#.#.# #
#.#.#########.#.#


You could see Natasha.

Vanquished Creatures
  5 ball pythons
  4 endoplasms
  3 giant cockroaches (D:1)
  3 goblins
  A quokka (D:1)
  4 bats (D:1)
  2 kobolds (D:1)
  6 rats (D:1)
28 creatures vanquished.

Notes
Turn   | Place    | Note
-------+----------+-------------------------------------------
     0 | D:1      | Descartes the Felid Wanderer began the quest for the Orb.
     0 | D:1      | Descartes set off with the following items: a wand of flame
                  | (5); and the following spell memorised: Slow; and the
                  | following spells available to memorise: Dazzling Flash
     0 | D:1      | Reached XP level 1. HP: 7/7 MP: 4/4
     2 | D:1      | Noticed a tengu
     2 | D:1      | Noticed a troll
     4 | D:1      | Noticed a human
     8 | D:1      | Noticed a draconian
     8 | D:1      | Noticed a merfolk
    10 | D:1      | Noticed an octopode
    12 | D:1      | Noticed a vine stalker
    12 | D:1      | Noticed a gargoyle
    14 | D:1      | Noticed a demonspawn
    16 | D:1      | Noticed a dwarf
    16 | D:1      | Noticed a vampire
    18 | D:1      | Noticed a minotaur
    18 | D:1      | Noticed a demigod
    20 | D:1      | Noticed an elf
    20 | D:1      | Noticed a felid
    22 | D:1      | Noticed a ghoul
    22 | D:1      | Noticed a spriggan
    24 | D:1      | Noticed a naga
    24 | D:1      | Noticed a formicid
    26 | D:1      | Noticed an ogre
    38 | D:1      | Found a faded altar of an unknown god.
   850 | D:1      | Reached XP level 2. HP: 11/11 MP: 6/6
  2306 | D:2      | Reached XP level 3. HP: 14/14 MP: 7/7
  2306 | D:2      | Noticed Natasha
  2543 | D:1      | Killed from afar by Natasha

Illustrated notes

Levels and vault maps discovered:
D:1:      kb_arrival_jail, layout_basic, chequers_ecumenical_altar_simple,
          st_stairs_4
D:2:      kennysheep_big_flooded_room, layout_rooms, basic_altar, uniq_natasha

Skill      XL: |  1 |
---------------+----+-----
Stealth        | 3 |  3.2
Dodging        | |  4.4
Unarmed Combat | |  0.6
Spellcasting   | |  2.1
Conjurations   | |  0.4
Hexes          | |  3.3
Translocations | |  0.2
Evocations     | |  1.3

Action                   || total
-------------------------++-------
Melee: Unarmed           ||   107
       Bite              ||     6
       Punch             ||     1
 Stab: Sleeping          ||     8
Armor: Skin              ||     3
Dodge: Dodged            ||    80
